Map: 블루시프트 - 래더

Players

Maru - Winner!

  • Race: Terran Terran
  • League: Master
  • Spawn Location: 1:00

soO

  • Race: Zerg Zerg
  • Spawn Location: 7:00

Event: IEM Season 13 - Katowice Server Qualifiers America

VOD

Have the link to the VOD?

Description

Time

  • Played on: Jan. 6, 2019, 7:19 p.m.
  • Length: 7:54

All games in this series

Show
View Real Time Build Order
Export as new Build Order

Maru Terran - Winner!

Build Orders: Gas First Reaper Expand, Liberator Opening 

Get SALT Encoding   

  12  0:00  SCV  
  13  0:12  SCV  
  14  0:17  Supply Depot  
  14  0:24  SCV  
  15  0:30  Refinery  
  15  0:38  SCV  
  16  0:43  Barracks  
  16  0:50  SCV  
  17  1:02  SCV  
  18  1:14  SCV  
  19  1:29  Orbital Command  
  19  1:30  Reaper  
  20  1:41  Command Center  
  20  1:52  Factory  
  20  1:54  SCV  
  21  2:07  SCV, Barracks Reactor  
  22  2:10  Supply Depot  
  22  2:13  Refinery  
  22  2:20  SCV  
  23  2:32  SCV  
  24  2:42  Starport  
  24  2:46  SCV, Hellion x2  
  29  2:53  Orbital Command  
  29  2:57  Marine  
  30  2:59  SCV  
  31  3:08  Hellion x2  
  35  3:13  SCV  
  35  3:15  Marine  
  35  3:19  Medivac  
  39  3:21  SCV  
  40  3:27  Supply Depot  
  40  3:31  Armory  
  40  3:38  Hellion  
  40  3:39  Liberator  
  40  3:40  Hellion  
  44  3:42  SCV  
  44  3:43  SCV  
  46  3:53  Supply Depot  
  46  4:01  Hellion x2  
  53  4:03  SCV  
  54  4:14  SCV  
  54  4:15  SCV  
  56  4:18  Supply Depot  
  56  4:22  Hellion x2  
  59  4:26  SCV  
  59  4:27  SCV  
  61  4:39  SCV  
  61  4:41  SCV  
  61  4:42  Starport Tech Lab  
  61  4:44  Command Center  
  63  4:50  Barracks Tech Lab  
  63  4:51  SCV  
  64  4:57  SCV  
  57  5:04  Cloaking Field, Bunker x2, Banshee  
  57  5:05  SCV  
  53  5:09  SCV  
  53  5:12  Siege Tank  
  57  5:16  Marine x2  
  57  5:20  SCV  
  57  5:21  SCV  
  61  5:24  Supply Depot  
  61  5:34  Marine x2, SCV x2  
  64  5:44  Siege Tank  
  64  5:46  SCV  
  64  5:47  Banshee  
  64  5:48  Refinery, SCV, Supply Depot  
  71  6:01  Supply Depot  
  71  6:08  Supply Depot  
  71  6:09  Marine x2, SCV x2, Orbital Command  
  71  6:10  Refinery  
  74  6:16  Siege Tank  
  77  6:21  SCV x2  
  79  6:27  Marine x2  
  79  6:29  Banshee  
  84  6:35  SCV  
  84  6:36  SCV  
  84  6:38  Factory  
  86  6:44  Marine x2  
  88  6:51  Siege Tank  
  88  6:52  SCV x2  
  63  7:02  Marine x2  
  63  7:07  SCV x3  
  58  7:19  SCV x3  
  58  7:20  Marine x2  
  58  7:21  Factory Reactor  
  66  7:31  SCV  
  66  7:33  SCV  
  74  7:49  Supply Depot  
Show
View Real Time Build Order
Export as new Build Order

soO Zerg 

Build Orders: Pool First 

Get SALT Encoding   

  12  0:00  Drone  
  13  0:12  Overlord  
  13  0:16  Drone  
  14  0:30  Drone x2  
  14  0:34  Drone  
  17  0:44  Spawning Pool  
  17  0:46  Drone  
  17  1:07  Hatchery  
  17  1:10  Drone  
  17  1:19  Drone  
  17  1:24  Extractor  
  17  1:31  Queen, Zergling x4  
  21  1:38  Overlord  
  21  1:51  Drone  
  22  2:00  Drone  
  23  2:07  Queen  
  25  2:15  Drone  
  26  2:19  Queen  
  26  2:20  Drone  
  26  2:21  Drone  
  30  2:26  Metabolic Boost  
  30  2:30  Drone  
  30  2:32  Drone  
  32  2:39  Overlord  
  32  2:40  Drone x2  
  34  2:45  Drone x2  
  36  3:01  Hatchery  
  36  3:03  Drone x2  
  37  3:09  Drone  
  37  3:10  Drone  
  39  3:14  Drone x2  
  39  3:15  Overlord  
  41  3:20  Drone x2  
  41  3:24  Drone  
  44  3:33  Queen  
  46  3:35  Drone  
  46  3:38  Drone  
  46  3:40  Drone  
  49  3:42  Drone  
  49  3:45  Roach Warren, Zergling x4  
  51  3:48  Drone  
  52  3:55  Extractor  
  52  4:00  Overlord  
  52  4:02  Drone  
  52  4:03  Extractor  
  52  4:06  Drone  
  52  4:13  Drone  
  53  4:29  Roach x6  
  63  4:32  Overlord  
  52  4:45  Zergling x6  
  55  4:46  Drone  
  55  4:47  Drone  
  50  4:56  Drone x3  
  50  4:57  Drone x2  
  49  5:15  Drone x3  
  49  5:20  Zergling x12  
  58  5:26  Ravager x2  
  58  5:27  Zergling x2  
  58  5:28  Ravager  
  62  5:31  Overlord  
  62  5:35  Roach  
  64  5:39  Roach  
  66  5:44  Roach, Zergling x2  
  66  5:45  Overlord  
  69  6:00  Roach x2, Ravager, Zergling x6  
  77  6:04  Overlord  
  77  6:12  Ravager  
  77  6:14  Zergling x2  
  77  6:15  Zergling x8  
  82  6:33  Roach x2, Zergling x6  
  82  6:35  Ravager  
  82  6:39  Zergling x6  
  82  6:49  Roach x4  
  76  6:55  Zergling x4  
  76  6:57  Zergling x4  
  65  7:04  Zergling x2  
  65  7:07  Zergling x2  
  65  7:08  Roach  
  62  7:15  Drone  
  54  7:24  Zergling x4  
  54  7:28  Zergling x4  
  56  7:31  Spore Crawler  
  56  7:36  Zergling x2  

Tags
 
Add a new tag
Caveats
  • Supply blocks, unpowered buildings, or Contaminate may cause inaccurate times.
  • Supply counts are checked every 10 seconds.